 Dungeon Crawl Stone Soup version 0.28.0-62-gf88900778d (webtiles) character file.

Game seed: 4693780470974435085

101 cbfl8 the Skirmisher (level 4, 0/36 HPs)
             Began as a Demonspawn Fighter on July 1, 2023.
             Slain by a quokka (4 damage)
             ... on level 3 of the Dungeon.
             The game lasted 00:01:26 (2471 turns).

cbfl8 the Skirmisher (Demonspawn Fighter)           Turns: 2471, Time: 00:01:26

Health: 0/36       AC:  6    Str: 16    XL:     4   Next: 48%
Magic:  13/13      EV:  9    Int: 10    God:
Gold:   146        SH:  5    Dex: 16    Spells: 3/3 levels left

rFire   . . .      SeeInvis +   a - +0 war axe
rCold   . . .      Faith    .   c - +0 buckler
rNeg    . . .      Spirit   .   b - +0 scale mail
rPois   .          Reflect  .   (no helmet)
rElec   .          Harm     .   (no cloak)
rCorr   .          Rampage  .   (no gloves)
Will    .....                   (no boots)
Stlth   +.........              (no amulet)
HPRegen 0.12/turn               e - ring of magical power
MPRegen 0.13/turn               f - ring of see invisible

@: no status effects
A: thin skeletal structure 1, demonic touch 1
a: no special abilities


You were on level 3 of the Dungeon.
You visited 1 branch of the dungeon, and saw 3 of its levels.

You collected 146 gold pieces.

Inventory:

Hand Weapons
 a - a +0 war axe (weapon)
Missiles
 j - a throwing net (quivered)
Armour
 b - a +0 scale mail (worn)
 c - a +0 buckler (worn)
Jewellery
 e - a ring of magical power (left hand)
 f - a ring of see invisible (right hand)
Scrolls
 g - a scroll of identify {unknown}
 h - 4 scrolls of teleportation
 i - a scroll of fog {unknown}
 l - a scroll of noise {unknown}
Potions
 d - a potion of might
 k - a potion of degeneration {unknown}


   Skills:
 + Level 3.6 Fighting
 + Level 2.3 Axes
 + Level 3.2 Armour
 + Level 1.2 Dodging
 + Level 3.0 Shields
 * Level 1.4 Evocations


You had 3 spell levels left.
You didn't know any spells.
Your spell library contained the following spells:

 Spells                   Type           Power      Damage    Failure   Level
 Slow                     Hex            0%         N/A       87%         1
 Corpse Rot               Necr/Air       0%         N/A       95%         2
 Poisonous Vapours        Pois/Air       0%         N/A       95%         2
 Confusing Touch          Hex            0%         N/A       99%         3
 Vampiric Draining        Necr           0%         2d6       99%         3


Dungeon Overview and Level Annotations

Branches:
Dungeon (3/15)

Altars:


Innate Abilities, Weirdness & Mutations

You have a somewhat thin skeletal structure. (Dex +2, Stealth+)
Your touch may inflict minor irresistible damage on your foes.


Message History

You kill the bat!
The orc priest invokes the aid of Beogh against you.
Beogh smites you! The orc hits you with a +0 mace.
Unknown command.
You barely miss the orc.
The orc is heavily wounded.
You hit the hobgoblin. The orc hits you with a +0 mace.
The hobgoblin hits you but does no damage.
Unknown command.
You hit the orc.
The orc is almost dead.
You barely miss the hobgoblin. You hit the orc priest.
The orc priest hits you but does no damage.
The orc hits you with a +0 mace.
The hobgoblin hits you but does no damage.
The orc priest hits you but does no damage.
The orc hits you but does no damage.
You slash the orc!
You kill the orc!
You slash the hobgoblin!
You kill the hobgoblin!
You hit the orc priest but do no damage.
The orc priest hits you with a +0 dagger.
The quokka bites you.
You barely miss the orc priest.
The orc priest is lightly wounded.
You closely miss the quokka.
The orc priest hits you with a +0 dagger.
The quokka bites you but does no damage.
The orc priest mumbles some strange prayers to Beogh against you.
Pain shoots through your body! The quokka barely misses you.
You miss the quokka. You closely miss the orc priest.
You block the quokka's attack.
The orc priest hits you but does no damage.
The orc priest invokes the aid of Beogh against you.
Beogh smites you!
* * * LOW HITPOINT WARNING * * *
The quokka bites you.
You die...

.# #. ## #..# #.
. ####...# #
#.#######....#
#.#.......####
#...#####....###
# ###.#
####...## ## #.#
###..# #. #@#
##.###. #r###.#
#..#.. #.o...#
##.#.#
......†)#####
#.#.# .........
#...# ..........
##.##
######..... #.##
#...... #.##
#....... #.##


You could see an orc priest and a quokka.

Vanquished Creatures
  A hound (D:2)
  An adder (D:2)
  2 worms (D:2)
  A dart slug (D:2)
  5 orcs (D:3)
  5 bats
  3 endoplasms
  3 giant cockroaches
  7 hobgoblins
  2 quokkas
  4 ball pythons
  2 frilled lizards (D:2)
  4 goblins
  5 kobolds
  4 rats
49 creatures vanquished.

Notes
Turn   | Place    | Note
-------+----------+-------------------------------------------
     0 | D:1      | cbfl8 the Demonspawn Fighter began the quest for the Orb.
     0 | D:1      | Reached XP level 1. HP: 18/18 MP: 1/1
   319 | D:1      | Gained mutation: Your touch may inflict minor irresistible
                  | damage on your foes. [demonic ancestry]
   319 | D:1      | Reached XP level 2. HP: 24/24 MP: 2/2
   768 | D:1      | Reached skill level 1 in Evocations
  1029 | D:2      | Reached XP level 3. HP: 29/29 MP: 3/3
  1348 | D:2      | Reached skill level 1 in Dodging
  1348 | D:2      | Gained mutation: You have a somewhat thin skeletal
                  | structure. (Dex +2, Stealth+) [demonic ancestry]
  1348 | D:2      | Reached XP level 4. HP: 35/35 MP: 4/4
  2471 | D:3      | Slain by a quokka

Illustrated notes

Levels and vault maps discovered:
D:1:      ebering_trefoil_twist, layout_loops_ring
D:2:      layout_basic
D:3:      minmay_general_purpose_star, layout_basic,
          dilly_ecumenical_altar_fadedgnrine, uniq_terence

Skill      XL: |  1  2  3  4 |
---------------+-------------+-----
Evocations     | 1 |  1.4
Axes           | 2 |  2.3
Armour         | 3 |  3.2
Dodging        | 1 |  1.2
Shields        | 3 |  3.0
Fighting       | |  3.6

Action                   |  1- 3 |  4- 6 || total
-------------------------+-------+-------++-------
Melee: War axe           |    87 |    47 ||   134
  Use: Scroll            |     3 |       ||     3
Armor: Scale mail        |    38 |    27 ||    65
Dodge: Dodged            |    42 |    16 ||    58
Block: Buckler           |    18 |    12 ||    30
